| TOP OF THE 1ST |
|
Detroit Tigers batting - Pitching for Washington Senators : RHP Livan Hernandez
|
|
Pitching: RHP Livan Hernandez
|
|
|
Batting: SHB Adrian Brown
|
0-0: Called Strike 0-1: Ball 1-1: Reached on error, E4 (Groundball, 4MS, EV 78.8 MPH)
|
|
Batting: LHB Brent Mayne
|
0-0: Called Strike 0-1: Foul Ball, location: 2F 0-2: Foul Ball, location: 2F 0-2: Ball 1-2: Ball 2-2: Strikes out swinging
|
|
Batting: LHB Ben Grieve
|
0-0: Called Strike 0-1: Swinging Strike 0-2: Strikes out swinging
|
|
Batting: RHB Shannon Stewart
|
0-0: Swinging Strike 0-1: Ball Adrian Brown is caught stealing 2nd base 2-4
|
| Top of the 1st over - 0 runs, 0 hits, 1 error, 0 left on base; Detroit 0 - Washington 0 |
| BOTTOM OF THE 1ST |
|
Washington Senators batting - Pitching for Detroit Tigers : RHP Steve Trachsel
|
|
Pitching: RHP Steve Trachsel
|
|
|
Batting: SHB Ray Durham
|
0-0: Ball 1-0: Called Strike 1-1: Swinging Strike 1-2: Foul Ball, location: 2F 1-2: Ball 2-2: Strikes out swinging
|
|
Batting: RHB Vladimir Guerrero
|
0-0: SINGLE (Flyball, 6MD, EV 90.0 MPH)
|
|
Batting: RHB Alex Rodriguez
|
0-0: Foul Ball, location: 2F 0-1: Ground out 4-3 (Groundball, 34D, EV 106.3 MPH) Vladimir Guerrero to second
|
|
Batting: RHB Albert Belle
|
0-0: Ball 1-0: Ground out 1-3 (Groundball, 13S, EV 68.1 MPH)
|
| Bottom of the 1st over - 0 runs, 1 hit, 0 errors, 1 left on base; Detroit 0 - Washington 0 |
| TOP OF THE 2ND |
|
Detroit Tigers batting - Pitching for Washington Senators : RHP Livan Hernandez
|
|
Batting: RHB Shannon Stewart
|
0-0: Swinging Strike 0-1: Fly out, F9 (Flyball, 89S, EV 72.5 MPH)
|
|
Batting: LHB Tino Martinez
|
0-0: Ball 1-0: SOLO HOME RUN (Flyball, 9LD, EV 91.3 MPH), Distance : 350 ft
|
|
Batting: RHB Howard Battle
|
0-0: Foul Ball, location: 2F 0-1: Ball 1-1: Ball 2-1: Foul Ball, location: 2F 2-2: Strikes out swinging
|
|
Batting: RHB Russ Johnson
|
0-0: Called Strike 0-1: Foul Ball, location: 2F 0-2: Ball 1-2: Ground out 5-3 (Groundball, 5L, EV 81.9 MPH)
|
| Top of the 2nd over - 1 run, 1 hit, 0 errors, 0 left on base; Detroit 1 - Washington 0 |
| BOTTOM OF THE 2ND |
|
Washington Senators batting - Pitching for Detroit Tigers : RHP Steve Trachsel
|
|
Batting: RHB Eric Davis
|
0-0: Called Strike 0-1: DOUBLE (Groundball, 5L, EV 100.0 MPH)
|
|
Batting: LHB Willie Greene
|
0-0: Fly out, F8 (Flyball, 8RD, EV 92.5 MPH)
|
|
Batting: LHB Jon Nunnally
|
0-0: Called Strike 0-1: Ball 1-1: Ball 2-1: Foul Ball, location: 2F 2-2: Strikes out looking
|
|
Batting: SHB Mickey Tettleton
|
0-0: Ball 1-0: Called Strike 1-1: Ball 2-1: Foul Ball, location: 2F 2-2: Ball 3-2: Fly out, F9 (Flyball, 9D, EV 104.4 MPH)
|
| Bottom of the 2nd over - 0 runs, 1 hit, 0 errors, 1 left on base; Detroit 1 - Washington 0 |
| TOP OF THE 3RD |
|
Detroit Tigers batting - Pitching for Washington Senators : RHP Livan Hernandez
|
|
Batting: RHB Shane Halter
|
0-0: Foul Ball, location: 2F 0-1: Ball 1-1: Foul Ball, location: 2F 1-2: Strikes out swinging
|
|
Batting: LHB Joe Orsulak
|
0-0: Fly out, F9 (Flyball, 9LMF, EV 91.3 MPH)
|
|
Batting: SHB Adrian Brown
|
0-0: Ball 1-0: Called Strike 1-1: Foul Ball, location: 2F 1-2: Ball 2-2: Fly out, F9 (Flyball, 9, EV 83.8 MPH)
|
| Top of the 3rd over - 0 runs, 0 hits, 0 errors, 0 left on base; Detroit 1 - Washington 0 |
| BOTTOM OF THE 3RD |
|
Washington Senators batting - Pitching for Detroit Tigers : RHP Steve Trachsel
|
|
Batting: LHB Don Mattingly
|
0-0: Ball 1-0: Swinging Strike 1-1: Called Strike 1-2: Ball 2-2: SINGLE (Groundball, 3D, EV 99.4 MPH)
|
|
Batting: SHB Ray Durham
|
0-0: Sac Bunt to 3S - play at first, batter OUT! 3-1 Don Mattingly to second
|
|
Batting: RHB Vladimir Guerrero
|
0-0: Ground out 4-3 (Groundball, 34, EV 86.3 MPH) Don Mattingly to third
|
|
Batting: RHB Alex Rodriguez
|
0-0: Ball 1-0: Called Strike 1-1: Ball 2-1: Foul Ball, location: 2F 2-2: Foul Ball, location: 2F 2-2: SINGLE (Line Drive, 8RS, EV 94.4 MPH) Don Mattingly scores
|
|
Batting: RHB Albert Belle
|
0-0: Fly out, F9 (Flyball, 9LSF, EV 84.4 MPH)
|
| Bottom of the 3rd over - 1 run, 2 hits, 0 errors, 1 left on base; Detroit 1 - Washington 1 |
| TOP OF THE 4TH |
|
Detroit Tigers batting - Pitching for Washington Senators : RHP Livan Hernandez
|
|
Batting: LHB Brent Mayne
|
0-0: Ground out 6-3 (Groundball, 6, EV 79.4 MPH)
|
|
Batting: LHB Ben Grieve
|
0-0: Called Strike 0-1: SOLO HOME RUN (Flyball, 9D, EV 107.5 MPH), Distance : 364 ft
|
|
Batting: RHB Shannon Stewart
|
0-0: Called Strike 0-1: Ball 1-1: Foul Ball, location: 2F 1-2: Strikes out swinging
|
|
Batting: LHB Tino Martinez
|
0-0: Ball 1-0: Ball 2-0: Foul Ball, location: 2F 2-1: SOLO HOME RUN (Flyball, 78XD, EV 96.3 MPH), Distance : 420 ft
|
|
Batting: RHB Howard Battle
|
0-0: Swinging Strike 0-1: Foul Ball, location: 2F 0-2: Foul Ball, location: 2F 0-2: Ball 1-2: Ball 2-2: Strikes out looking
|
| Top of the 4th over - 2 runs, 2 hits, 0 errors, 0 left on base; Detroit 3 - Washington 1 |
| BOTTOM OF THE 4TH |
|
Washington Senators batting - Pitching for Detroit Tigers : RHP Steve Trachsel
|
|
Batting: RHB Eric Davis
|
0-0: Ball 1-0: Ball 2-0: Fly out, F7 (Flyball, 7, EV 74.4 MPH)
|
|
Batting: LHB Willie Greene
|
0-0: Ball 1-0: Called Strike 1-1: Swinging Strike 1-2: Strikes out looking
|
|
Batting: LHB Jon Nunnally
|
0-0: Ball 1-0: Called Strike 1-1: Called Strike 1-2: Strikes out swinging
|
| Bottom of the 4th over - 0 runs, 0 hits, 0 errors, 0 left on base; Detroit 3 - Washington 1 |
| TOP OF THE 5TH |
|
Detroit Tigers batting - Pitching for Washington Senators : RHP Livan Hernandez
|
|
Batting: RHB Russ Johnson
|
0-0: Ball 1-0: Ground out 6-3 (Groundball, 6, EV 86.9 MPH)
|
|
Batting: RHB Shane Halter
|
0-0: Called Strike 0-1: Swinging Strike 0-2: Foul Ball, location: 2F 0-2: Ball 1-2: Strikes out swinging
|
|
Batting: LHB Joe Orsulak
|
0-0: Ball 1-0: Called Strike 1-1: Ball 2-1: Ball 3-1: Ground out 1-3 (Groundball, 34S, EV 87.5 MPH)
|
| Top of the 5th over - 0 runs, 0 hits, 0 errors, 0 left on base; Detroit 3 - Washington 1 |
| BOTTOM OF THE 5TH |
|
Washington Senators batting - Pitching for Detroit Tigers : RHP Steve Trachsel
|
|
Batting: SHB Mickey Tettleton
|
0-0: Ground out 5-3 (Groundball, 56, EV 107.5 MPH)
|
|
Batting: LHB Don Mattingly
|
0-0: Called Strike 0-1: Ball 1-1: Ball 2-1: Swinging Strike 2-2: Foul Ball, location: 2F 2-2: Ball 3-2: Base on Balls
|
|
Batting: SHB Ray Durham
|
0-0: Ball 1-0: Swinging Strike 1-1: Foul Ball, location: 2F 1-2: Ball Wild Pitch! Don Mattingly to second 2-2: Foul Ball, location: 2F 2-2: Foul Ball, location: 2F 2-2: Ground out 4-3 (Groundball, 4, EV 102.5 MPH) Don Mattingly to third
|
|
Batting: RHB Vladimir Guerrero
|
0-0: Ball 1-0: Fly out, F9 (Line Drive, 9, EV 88.1 MPH)
|
| Bottom of the 5th over - 0 runs, 0 hits, 0 errors, 1 left on base; Detroit 3 - Washington 1 |
| TOP OF THE 6TH |
|
Detroit Tigers batting - Pitching for Washington Senators : RHP Livan Hernandez
|
|
Batting: SHB Adrian Brown
|
0-0: Called Strike 0-1: Swinging Strike 0-2: Ball 1-2: Ball 2-2: Foul Ball, location: 2F 2-2: Fly out, F9 (Flyball, 89D, EV 98.1 MPH)
|
|
Batting: LHB Brent Mayne
|
0-0: Foul Ball, location: 2F 0-1: Ball 1-1: Fly out, F8 (Line Drive, 8LD, EV 102.5 MPH)
|
|
Batting: LHB Ben Grieve
|
0-0: Ball 1-0: Ball 2-0: Called Strike 2-1: Ball 3-1: Called Strike 3-2: Fly out, F7 (Flyball, 7S, EV 87.5 MPH)
|
| Top of the 6th over - 0 runs, 0 hits, 0 errors, 0 left on base; Detroit 3 - Washington 1 |
| BOTTOM OF THE 6TH |
|
Washington Senators batting - Pitching for Detroit Tigers : RHP Steve Trachsel
|
|
Batting: RHB Alex Rodriguez
|
0-0: Ball 1-0: Called Strike 1-1: Foul Ball, location: 2F 1-2: Foul Ball, location: 2F 1-2: Strikes out swinging
|
|
Batting: RHB Albert Belle
|
0-0: Ball 1-0: Foul Ball, location: 2F 1-1: Ground out 1-3 (Groundball, P, EV 85.0 MPH)
|
|
Batting: RHB Eric Davis
|
0-0: Ball 1-0: Ball 2-0: SINGLE (Groundball, 4D, EV 94.4 MPH)
|
|
Batting: LHB Willie Greene
|
0-0: Ball 1-0: Ground out 4-3 (Groundball, 4, EV 101.3 MPH)
|
| Bottom of the 6th over - 0 runs, 1 hit, 0 errors, 1 left on base; Detroit 3 - Washington 1 |
| TOP OF THE 7TH |
|
Detroit Tigers batting - Pitching for Washington Senators : RHP Livan Hernandez
|
|
Batting: RHB Shannon Stewart
|
0-0: Ball 1-0: Ball 2-0: Fly out, F7 (Flyball, 7LS, EV 85.6 MPH)
|
|
Batting: LHB Tino Martinez
|
0-0: Foul Ball, location: 2F 0-1: Swinging Strike 0-2: Strikes out swinging
|
|
Batting: RHB Howard Battle
|
0-0: Foul Ball, location: 2F 0-1: Foul Ball, location: 2F 0-2: Ball 1-2: Strikes out swinging
|
| Top of the 7th over - 0 runs, 0 hits, 0 errors, 0 left on base; Detroit 3 - Washington 1 |
| BOTTOM OF THE 7TH |
|
Washington Senators batting - Pitching for Detroit Tigers : RHP Steve Trachsel
|
|
Batting: LHB Jon Nunnally
|
0-0: Called Strike 0-1: Ground out 4-3 (Groundball, 4, EV 108.1 MPH)
|
|
Batting: SHB Mickey Tettleton
|
0-0: Ball 1-0: Ball 2-0: Fly out, F6 (Popup, 6M, EV 56.9 MPH)
|
|
Batting: LHB Don Mattingly
|
0-0: Called Strike 0-1: Foul Ball, location: 2F 0-2: Foul Ball, location: 2F 0-2: Fly out, F5 (Popup, 56S, EV 72.5 MPH)
|
| Bottom of the 7th over - 0 runs, 0 hits, 0 errors, 0 left on base; Detroit 3 - Washington 1 |
| TOP OF THE 8TH |
|
Detroit Tigers batting - Pitching for Washington Senators : RHP Livan Hernandez
|
|
Batting: RHB Russ Johnson
|
0-0: Ground out 6-3 (Groundball, 6, EV 101.9 MPH)
|
|
Batting: RHB Shane Halter
|
0-0: Ball 1-0: Ball 2-0: Ball 3-0: Base on Balls
|
|
Batting: LHB Joe Orsulak
|
0-0: Ball 1-0: Swinging Strike Shane Halter is caught stealing 2nd base 2-6 1-1: Ball 2-1: Ground out 6-3 (Groundball, 6, EV 104.4 MPH)
|
| Top of the 8th over - 0 runs, 0 hits, 0 errors, 0 left on base; Detroit 3 - Washington 1 |
| BOTTOM OF THE 8TH |
|
Washington Senators batting - Pitching for Detroit Tigers : RHP Steve Trachsel
|
|
Pitching: LHP Rigo Beltran
|
|
|
Batting: SHB Ray Durham
|
0-0: Called Strike 0-1: Called Strike 0-2: Ball 1-2: Ground out 3-1 (Groundball, 34S, EV 89.4 MPH)
|
|
Batting: RHB Vladimir Guerrero
|
0-0: Ball 1-0: Ball 2-0: Ball 3-0: Called Strike 3-1: Fly out, F4 (Popup, 4, EV 63.8 MPH)
|
|
Batting: RHB Alex Rodriguez
|
0-0: Called Strike 0-1: Ball 1-1: Ball 2-1: Ball 3-1: Base on Balls
|
|
Batting: RHB Albert Belle
|
0-0: Foul Ball, location: 2F 0-1: SINGLE (Line Drive, 78S, EV 111.3 MPH) Alex Rodriguez to second
|
|
Batting: RHB Eric Davis
|
0-0: Called Strike 0-1: Fly out, F8 (Flyball, 8LXD, EV 88.1 MPH)
|
| Bottom of the 8th over - 0 runs, 1 hit, 0 errors, 2 left on base; Detroit 3 - Washington 1 |
| TOP OF THE 9TH |
|
Detroit Tigers batting - Pitching for Washington Senators : RHP Livan Hernandez
|
|
Pitching: LHP Dan Plesac
|
|
|
Batting: SHB Adrian Brown
|
0-0: Ball 1-0: Ball 2-0: Ball 3-0: Called Strike 3-1: Fly out, F7 (Flyball, 7S, EV 73.1 MPH)
|
|
Batting: LHB Brent Mayne
|
0-0: Ball 1-0: Ball 2-0: SINGLE (Groundball, 34D, EV 100.6 MPH)
|
|
Batting: LHB Ben Grieve
|
0-0: Called Strike 0-1: Ball 1-1: Ball 2-1: Called Strike 2-2: Strikes out looking
|
|
Batting: RHB Shannon Stewart
|
0-0: Ball 1-0: Foul Ball, location: 2F 1-1: Called Strike 1-2: Ball 2-2: DOUBLE (Line Drive, 78D, EV 107.5 MPH) Brent Mayne to third Runner from 3rd tries for Home, throw by LF and OUT! 7-6-2
|
| Top of the 9th over - 0 runs, 2 hits, 0 errors, 1 left on base; Detroit 3 - Washington 1 |
| BOTTOM OF THE 9TH |
|
Washington Senators batting - Pitching for Detroit Tigers : LHP Rigo Beltran
|
|
Batting: LHB Willie Greene
|
0-0: Ball 1-0: Ground out 4-3 (Groundball, 4, EV 105.0 MPH)
|
|
Batting: LHB Jon Nunnally
|
0-0: Called Strike 0-1: Foul Ball, location: 2F 0-2: Ball 1-2: Ground out 6-3 (Groundball, 6, EV 97.5 MPH)
|
|
Batting: SHB Mickey Tettleton
|
0-0: Ball 1-0: Ball 2-0: Foul Ball, location: 2F 2-1: Swinging Strike 2-2: Foul Ball, location: 2F 2-2: Strikes out swinging
|
| Bottom of the 9th over - 0 runs, 0 hits, 0 errors, 0 left on base; Detroit 3 - Washington 1 |
|